 Dungeon Crawl Stone Soup version 0.30.1-11-g7821555f0a (webtiles) character file.

Game seed: 10470061212287148177

19895 Dordric the Carver (level 12, -2/72 HPs)
             Began as a Barachi Warper on Nov 1, 2023.
             Was an Elder of Hepliaklqana.
             Shot with an arrow by a centaur warrior (15 damage)
             ... on level 11 of the Dungeon.
             The game lasted 00:26:20 (13770 turns).

Dordric the Carver (Barachi Warper)                Turns: 13770, Time: 00:26:21

Health: -2/72      AC: 16    Str: 17    XL:     12   Next: 73%
Magic:  25/28      EV: 12    Int: 13    God:    Hepliaklqana [****..]
Gold:   1687       SH:  0    Dex: 16    Spells: 20/35 levels left

rFire   + . .        x - +7 scimitar of Mana {heavy, rN+}
rCold   . . .        (no shield)
rNeg    + . .        l - +2 leather armour {rPois}
rPois   +            F - +2 hat
rElec   .            u - +1 cloak
rCorr   .            N - +0 pair of gloves
SInv    .            C - +1 pair of boots of the Apprentice {rF+ Str+3}
Will    .....        y - amulet of regeneration
Stlth   +            f - +4 ring of slaying
HPRegen 1.12/turn    i - +4 ring of protection
MPRegen 0.21/turn

%: no passive effects
@: unable to hop, slow
A: reduced essence, amphibious, slowness 1, strong legs 1, +LOS
a: Hop, Renounce Religion, Recall Ancestor, Ancestor Identity, Transference,
Idealise


You were on level 11 of the Dungeon.
You worshipped Hepliaklqana.
Hepliaklqana was greatly pleased with you.
You visited 1 branch of the dungeon, and saw 11 of its levels.
You also visited: Sewer and Bailey.

You collected 1958 gold pieces.
You spent 271 gold pieces at shops.

Inventory:

Hand Weapons
 h - a +0 long sword of venom
 n - a +5 great sword of holy wrath
 x - the +7 scimitar of Mana (weapon) {heavy, rN+}
   (You acquired it on level 6 of the Dungeon)

   rN:        It protects you from negative energy.
Missiles
 d - 3 boomerangs of dispersal
 t - 3 silver boomerangs
Armour
 k - a +1 robe of positive energy
 l - a +2 leather armour of poison resistance (worn)
 u - a +1 cloak (worn)
 C - the +1 pair of boots of the Apprentice (worn) {rF+ Str+3}
   (You acquired it on level 6 of the Dungeon)

   Str:       It affects your strength (+3).
   rF:        It protects you from fire.
 F - a +2 hat (worn)
 N - a +0 pair of gloves (worn)
Jewellery
 f - a +4 ring of slaying (left hand)
 i - a +4 ring of protection (right hand)
 y - an amulet of regeneration (around neck)
 O - a +4 ring of protection
 Q - a ring of protection from fire
 R - a ring of resist corrosion
Wands
 D - a wand of paralysis (16)
 E - a wand of light (10)
 G - a wand of flame (20)
 H - a wand of mindburst (13)
 K - a wand of polymorph (5)
 L - a wand of roots (11)
Scrolls
 b - 2 scrolls of fear
 c - 3 scrolls of blinking
 e - 6 scrolls of magic mapping
 g - 7 scrolls of teleportation
 j - a scroll of noise
 p - 3 scrolls of fog
 s - 2 scrolls of amnesia
 w - a scroll of poison
 I - 3 scrolls of butterflies
 J - 2 scrolls of enchant weapon
 M - 2 scrolls of identify
 P - 2 scrolls of enchant armour
Potions
 a - a potion of magic
 m - 4 potions of curing
 o - 3 potions of heal wounds
 q - a potion of brilliance
 r - a potion of mutation
 v - a potion of resistance
 z - a potion of lignification
 A - 4 potions of flight
 B - 2 potions of ambrosia {unknown}


   Skills:
 - Level 2.4 Fighting
 - Level 14.0 Long Blades
 - Level 1.0 Throwing
 - Level 1.2 Armour
 - Level 2.1 Dodging
 + Level 12.4 Spellcasting
 + Level 13.7 Translocations


You had 20 spell levels left.
You knew the following spells:

 Your Spells              Type           Power      Damage    Failure   Level
a - Blink                 Tloc           86%        N/A       1%          2
b - Manifold Assault      Tloc           43%        N/A       1%          4
c - Passage of Golubria   Tloc           43%        N/A       1%          4
d - Lesser Beckoning      Tloc           86%        N/A       1%          2
e - Teleport Other        Tloc           43%        N/A       1%          3

Your spell library contained the following spells:

 Spells                   Type           Power      Damage    Failure   Level
 Vhi's Electric Charge    Tloc/Air       50%        N/A       1%          3
 Necrotise                Necr           32%        1d5       11%         1
 Slow                     Hex            32%        N/A       11%         1
 Confusing Touch          Hex            8%         N/A       30%         3
 Inner Flame              Hex/Fire       8%         N/A       30%         3
 Tukima's Dance           Hex            8%         N/A       30%         3
 Vampiric Draining        Necr           8%         2d6       30%         3
 Agony                    Necr           8%         N/A       96%         5
 Iskenderun's Battlesphe  Conj           8%         2d6       96%         5
 Yara's Violent Unravell  Hex/Tmut       4%         3d4       96%         5
 Iron Shot                Conj/Erth      4%         9d2       100%        6
 Enfeeble                 Hex            4%         N/A       100%        7
 Spellforged Servitor     Conj/Summ      4%         N/A       100%        7


Dungeon Overview and Level Annotations

Branches:
Dungeon (11/15)            Temple (0/1) D:6            Lair (0/5) D:10
    Orc (0/2) D:11          Sewer (visited)          Bailey (visited)

Altars:
Hepliaklqana
Okawaru
Xom

Shops:
D:3 =(***   D:4 [   D:7 =   D:11 (

Annotations:
D:4 exclusion: downstairs
D:6 1 runed translucent door, booth's ghost, novice GrMo
D:9 exclusion: downstairs


Innate Abilities, Weirdness & Mutations

Your life essence is reduced to manifest your ancestor. (-10% HP)
You are amphibious.
You cover ground slowly.
You can hop short distances.
You have an extended range of vision and can be seen from far away.


Message History

Confirm with . or Enter, or press ? or * to list all spells.
Aiming: Passage of Golubria (safe; 1% risk of failure)
Press: ? - help, Dir - move target Audrea hits the centaur warrior with a +0 dagger of draining!
An orc warrior comes into view. It is wielding a +0 short sword.
A deep elf archer comes into view.
It is wielding a +0 short sword and wearing a +1 leather armour of cold resistance.
Audrea hits the centaur warrior with a +0 dagger of draining.
You enter the passage of Golubria.
There is a passage of Golubria here.
Audrea hits the centaur warrior with a +0 dagger of draining! x2
Audrea hits the centaur warrior with a +0 dagger of draining.
Audrea drains the centaur warrior.
Something hits Audrea!
The centaur warrior shoots an arrow.
The arrow hits you!
Audrea hits the centaur warrior with a +0 dagger of draining.
Audrea hits the centaur warrior but does no damage.
Audrea drains the centaur warrior.
The centaur warrior dies!
Audrea has departed this plane of existence.
The centaur warrior wields a +0 longbow.
The centaur warrior shoots an arrow.
The arrow hits you.
The centaur warrior shoots an arrow.
The arrow barely misses you.
The centaur warrior shoots an arrow.
The arrow hits you!
* * * LOW HITPOINT WARNING * * *
Hop to where?
Press: ? - help, Dir - move target Boing!
As you read the scroll of teleportation, it crumbles to dust.
You feel strangely unstable.
The centaur warrior shoots an arrow.
The arrow hits you!
* * * LOW HITPOINT WARNING * * *
The centaur warrior shoots an arrow.
The arrow barely misses you.
The centaur warrior shoots an arrow.
The arrow hits you!
* * * LOW HITPOINT WARNING * * *
The centaur warrior shoots an arrow.
The arrow hits you but does no damage.
Your surroundings suddenly seem different.
The deep elf archer unwields a +0 short sword.
The deep elf archer wields a +0 shortbow.
The deep elf archer shoots an arrow.
The arrow closely misses you.
The centaur warrior shoots an arrow.
The arrow hits you!
You die...

#.# #..#e....# #.#
#.....^..### #.#
#..........#############
#.#
#........#..............
#.#
#.......................
#.#
#.c.#..#######.......###
#.# #...##.#
#.'.......+.. # #.#
#......### #.#.......##.
# #.#
#..#...@.###.##.......#.
###.##
#..#####..##.##....##<#.
##...#####..#
##.##.##....####)
##..........#
#.##.#.........)
##...######.#
#..#.########### ##...#
#.# ###..............
##...# #.#
#....############ .#...#
#.# #....).[........#
.#...#
#.########..#########.#


You could see a centaur warrior and a deep elf archer (repels missiles).

Vanquished Creatures
  A centaur warrior (D:9)
  A vault guard (Bailey)
  3 two-headed ogres
  Nergalle (D:11)
  Lodul (D:10)
  3 cyclopes
  A gargoyle (D:10)
  A rime drake (D:10)
  Grinder (D:4)
  Prince Ribbit (Bailey)
  A vampire (D:11)
  2 wyverns
  17 yaks
  3 shadows
  3 humans (Bailey)
  Grum (D:10)
  4 steam dragons
  A basilisk (D:9)
  3 vampire mosquitoes (D:11)
  An acid dragon (D:11)
  A water moccasin (D:4)
  Duvessa (D:4)
  7 orc warriors
  2 sky beasts
  5 ogres (D:10)
  Pargi (Sewer)
  5 ice beasts
  5 wolves
  6 centaurs
  5 phantoms
  Blork the orc (D:5)
  2 kobold brigands
  10 bullfrogs
  2 scorpions
  Dowan (D:3)
  15 wights
  A killer bee (D:9)
  2 howler monkeys
  A vampire bat (D:5)
  A jelly (D:6)
  5 hounds
  2 gnoll boudas
  8 orc priests
  Jessica (D:2)
  A sleepcap (D:5)
  3 iguanas
  Natasha (D:4)
  3 orc wizards
  Robin (D:3)
  2 gnolls (D:8)
  6 adders
  2 river rats (D:3)
  2 white imps (D:7)
  3 ufetubi
  2 worms (D:3)
  3 dart slugs
  23 orcs
  15 bats
  6 endoplasms
  6 giant cockroaches
  16 goblins
  14 hobgoblins
  4 jackals
  16 kobolds
  4 quokkas
  7 ball pythons
  3 frilled lizards
  6 rats
289 creatures vanquished.

Vanquished Creatures (collateral kills)
  A vault guard (Bailey)
  A centaur warrior (D:11)
  An unseen horror (D:11)
  5 yaks
  A steam dragon (D:9)
  A water moccasin (D:8)
  2 wolves (D:10)
  An ogre (D:10)
  A bullfrog (Bailey)
  A gnoll sergeant (D:9)
  An orc wizard (D:10)
  A gnoll (D:8)
  A shadow imp (D:8)
  5 orcs
23 creatures vanquished.

Vanquished Creatures (others)
  3 hexers
  An orc (D:7)
4 creatures vanquished.

Grand Total: 316 creatures vanquished

Notes
Turn   | Place    | Note
-------+----------+-------------------------------------------
     0 | D:1      | Dordric the Barachi Warper began the quest for the Orb.
     0 | D:1      | Reached XP level 1. HP: 17/17 MP: 3/3
    50 | D:1      | Reached skill level 3 in Long Blades
    75 | D:1      | Reached XP level 2. HP: 20/23 MP: 5/5
   274 | D:1      | Reached skill level 4 in Long Blades
   346 | D:1      | Reached XP level 3. HP: 28/28 MP: 6/6
   761 | D:2      | Noticed Jessica
   766 | D:2      | Killed Jessica
   767 | D:2      | Reached skill level 5 in Long Blades
   767 | D:2      | Reached XP level 4. HP: 34/34 MP: 7/7
  1411 | D:3      | Reached skill level 6 in Long Blades
  1422 | D:3      | Found Keurrutui's Weapon Boutique.
  1464 | D:3      | Found Syotwujo's Jewellery Shoppe.
  1481 | D:3      | Reached XP level 5. HP: 36/39 MP: 8/8
  1494 | D:3      | Found Imenu's Assorted Antiques.
  1528 | D:3      | Bought a +0 long sword of venom for 68 gold pieces
  1573 | D:3      | Found a glowing drain.
  1628 | Sewer    | Entered a sewer
  1650 | Sewer    | Noticed Pargi
  1658 | Sewer    | Killed Pargi
  1659 | Sewer    | Reached skill level 7 in Long Blades
  1659 | Sewer    | Reached XP level 6. HP: 26/46 MP: 9/9
  1949 | D:3      | Identified the +1 helmet of Feve {rPois}
  1949 | D:3      | Noticed Robin
  1981 | D:3      | Killed Robin
  2120 | D:3      | Found Bes Gyu's Assorted Antiques.
  2888 | D:3      | Found Vuink's General Store.
  3032 | D:4      | Noticed Duvessa
  3061 | D:4      | Killed Duvessa
  3062 | D:4      | Reached skill level 8 in Long Blades
  3188 | D:4      | Noticed Dowan
  3319 | D:4      | Noticed Natasha
  3324 | D:4      | Killed Natasha
  3343 | D:4      | Reached skill level 9 in Long Blades
  3343 | D:4      | Reached XP level 7. HP: 39/51 MP: 10/10
  3622 | D:4      | Found a hazy altar of Hepliaklqana.
  3643 | D:4      | Became a worshipper of Hepliaklqana the Forgotten
  3709 | D:4      | Noticed Grinder
  3717 | D:4      | Killed Grinder
  3718 | D:4      | Reached skill level 10 in Long Blades
  3754 | D:3      | Killed Dowan
  3892 | D:4      | Found Jiriruorph's Armour Emporium.
  4079 | D:4      | Reached XP level 8. HP: 46/57 MP: 11/11
  4249 | D:5      | Entered Level 5 of the Dungeon
  4249 | D:5      | Noticed Blork the orc
  4263 | D:4      | Reached skill level 11 in Long Blades
  4654 | D:5      | Killed Blork the orc
  4655 | D:5      | Reached skill level 12 in Long Blades
  5174 | D:5      | Identified 2 scrolls of acquirement
  5176 | D:5      | Acquired 861 gold pieces
  5178 | D:5      | Acquired a +5 great sword of holy wrath
  5197 | D:5      | Reached skill level 13 in Long Blades
  5201 | D:5      | Reached XP level 9. HP: 39/62 MP: 12/12
  5348 | D:6      | Reached * piety under Hepliaklqana
  5350 | D:6      | Acquired the +7 scimitar of Mana {heavy, rN+}
  5647 | D:6      | Found a staircase to the Ecumenical Temple.
  5733 | D:6      | Acquired the +1 pair of boots of the Apprentice {rF+ Str+3}
  5868 | D:6      | Found a runed translucent door.
  5868 | D:6      | Found a shimmering altar of Xom.
  5868 | D:6      | Noticed booth's ghost (novice GrMo)
  5885 | D:6      | Reached skill level 14 in Long Blades
  5942 | D:6      | Noticed a +0 trident of chaos
  6083 | D:6      | Learned a level 2 spell: Blink
  6088 | D:6      | Learned a level 4 spell: Manifold Assault
  6598 | D:7      | Reached skill level 5 in Translocations
  7005 | D:7      | Found Tofel's Jewellery Shop.
  7017 | D:7      | Reached skill level 5 in Spellcasting
  7181 | D:3      | Bought a runed hat for 203 gold pieces
  7426 | D:7      | Reached XP level 10. HP: 60/61 MP: 16/18
  7546 | D:8      | Reached ** piety under Hepliaklqana
  7547 | D:8      | Remembered your ancestor Audrea as a hexer
  7841 | D:8      | Found a flagged portal.
  7849 | Bailey   | Entered a bailey
  8068 | Bailey   | Noticed a vault guard
  8077 | Bailey   | Killed a vault guard
  8196 | Bailey   | Noticed a vault guard
  8196 | Bailey   | Noticed Prince Ribbit
  8202 | Bailey   | Killed Prince Ribbit
  8207 | Bailey   | Killed a vault guard
  8208 | Bailey   | Reached XP level 11. HP: 65/65 MP: 2/23
  9173 | D:9      | Noticed a two-headed ogre
  9175 | D:9      | Killed a two-headed ogre
  9176 | D:9      | Reached skill level 10 in Translocations
  9347 | D:9      | Noticed a centaur warrior
  9362 | D:9      | Killed a centaur warrior
  9561 | D:9      | Noticed a cyclops
  9568 | D:9      | Killed a cyclops
  9702 | D:9      | Reached *** piety under Hepliaklqana
  9713 | D:9      | Identified the +10 battleaxe of Corporal Punishment {venom,
                  | Int+5 Dex+3 Stlth-}
 10108 | D:9      | Noticed a cyclops
 10112 | D:9      | Killed a cyclops
 10221 | D:9      | Reached skill level 10 in Spellcasting
 10312 | D:9      | Noticed a two-headed ogre
 10315 | D:9      | Killed a two-headed ogre
 10473 | D:9      | Learned a level 4 spell: Passage of Golubria
 10784 | D:9      | Learned a level 2 spell: Lesser Beckoning
 10788 | D:9      | Learned a level 3 spell: Teleport Other
 10790 | D:10     | Entered Level 10 of the Dungeon
 10799 | D:10     | Noticed a two-headed ogre
 10970 | D:10     | Noticed Grum
 11036 | D:10     | Killed Grum
 11213 | D:10     | Noticed Lodul
 11227 | D:10     | Killed Lodul
 11356 | D:10     | Reached XP level 12. HP: 72/72 MP: 20/26
 11579 | D:10     | Killed a two-headed ogre
 11740 | D:10     | Found a staircase to the Lair.
 12324 | D:11     | Found an iron altar of Okawaru.
 12324 | D:11     | Noticed an orc warlord
 12805 | D:11     | Reached **** piety under Hepliaklqana
 12816 | D:11     | Noticed Nergalle
 12824 | D:11     | Killed Nergalle
 13051 | D:11     | Found a staircase to the Orcish Mines.
 13053 | D:11     | Found Qaowais's Weapon Shoppe.
 13747 | D:11     | Noticed a centaur warrior
 13748 | D:11     | Noticed a centaur warrior
 13756 | D:11     | Killed a centaur warrior
 13770 | D:11     | Shot with an arrow by a centaur warrior

Illustrated notes

Levels and vault maps discovered:
D:1:      wander_arrival_chamber, layout_rooms, nicolae_figureground_sparkle
D:2:      layout_loops_ring, uniq_jessica
D:3:      layout_basic, portal_sewer_entry_b, serial_shops,
          nicolae_shop_behind_doors, nicolae_shop_waterfront, shop,
          nicolae_shop_window_shopping, shop_fountains, uniq_robin
D:4:      layout_loops_ring, overflow_temple_1_default, serial_shops, shop,
          dreamdust_wishing_well, minivault_11, small_statue_alley_b,
          kennysheep_generic_room_9, uniq_natasha, uniq_grinder, uniq_duvessa
D:5:      layout_cave_pools, roderic_batcave,
          amcnicky_mini_rare_corridor_liquid, minivault_26, uniq_blork_the_orc
D:6:      layout_loops_corners, minmay_temple_entry_antechambers,
          ebering_ghost_xom, kennysheep_generic_room_10
D:7:      layout_basic, serial_shops, nicolae_shop_gaudy_bauble, hex_medium,
          minmay_misc_feat_more_columns, nrook_mini_backslash, minivault_19
D:8:      layout_basic, enter_bailey_2
D:9:      minmay_the_grid_plus [minmay_the_grid_minigrid_small_alt,
          minmay_the_grid_box_x, minmay_the_grid_large_cup, minmay_the_grid_fan,
          minmay_the_grid_prize_shrinking_boxes], layout_grid_maze,
          minmay_misc_feat_rugged
D:10:     layout_roguey, hellmonk_lair_entry_icy, serial_glass, glass_columns_a,
          glass_columns_c, due_unseen_surprise, uniq_grum, uniq_lodul
D:11:     evilmike_iron_armoury, layout_basic, orc_david_3, uniq_nergalle

Skill      XL: |  1  2  3  4  5  6  7  8  9 10 11 12 |
---------------+-------------------------------------+-----
Long Blades    | 3 4 5 6 7 9 10 13 14 | 14.0
Spellcasting   | 5 8 10 12 | 12.4
Translocations | 6 9 12 13 | 13.7
Fighting       | |  2.4
Throwing       | |  1.0
Armour         | |  1.2
Dodging        | |  2.1

Action                     |  1- 3 |  4- 6 |  7- 9 | 10-12 || total
---------------------------+-------+-------+-------+-------++-------
  Melee: Falchion          |   119 |    70 |       |       ||   189
         Long sword        |       |   114 |   154 |       ||   268
         Punch             |       |     1 |     3 |     1 ||     5
         Great sword       |       |       |     9 |       ||     9
         Scimitar          |       |       |    64 |   320 ||   384
  Throw: Boomerang         |       |     4 |       |       ||     4
   Cast: Manifold Assault  |       |       |       |   146 ||   146
         Passage of Golubr |       |       |       |     3 ||     3
         Blink             |       |       |       |     2 ||     2
         Teleport Other    |       |       |       |     1 ||     1
 Invoke: Recall Ancestor   |       |       |       |     1 ||     1
         Ancestor Life: He |       |       |       |     1 ||     1
Ability: Hop               |       |     1 |       |     3 ||     4
    Use: Scroll            |       |    10 |     9 |     5 ||    24
         Potion            |       |     2 |     2 |       ||     4
   Stab: Sleeping          |       |       |     1 |     1 ||     2
         Confused          |       |       |       |     2 ||     2
 Armour: Leather armour    |     5 |     4 |    82 |    72 ||   163
         Ring mail         |    19 |       |       |       ||    19
         Scale mail        |    31 |    80 |       |       ||   111
  Dodge: Dodged            |    78 |    58 |   126 |    87 ||   349
